PAAA
BAKERSFIELD NOBLES @ PLYMOUTH ROCKS
09/21/2033
 
TOP OF THE 1ST
Bakersfield Nobles batting - Pitching for Plymouth Rocks : RHP Zaki Fakhiri
Pitching: RHP Zaki Fakhiri
Batting: RHB Dennis Wacher 0-0: Called Strike
0-1: Foul Ball, location: 2F
0-2: Ball
1-2: Foul Ball, location: 2F
1-2: Ground out 5-3 (Groundball, 56)
Batting: RHB Juan Tellado 0-0: Ball
1-0: Called Strike
1-1: Fly out, F7 (Flyball, 7)
Batting: RHB Juan Dávila 0-0: Called Strike
0-1: Foul Ball, location: 2F
0-2: Ball
1-2: Foul Ball, location: 2F
1-2: Ground out 6-3 (Groundball, 6)
Top of the 1st over - 0 runs, 0 hits, 0 errors, 0 left on base; Bakersfield 0 - Plymouth 0
BOTTOM OF THE 1ST
Plymouth Rocks batting - Pitching for Bakersfield Nobles : LHP Eugene Clarkston
Pitching: LHP Eugene Clarkston
Batting: RHB Ernesto Trevino 0-0: Foul Ball, location: 2F
0-1: Swinging Strike
0-2: Strikes out swinging
Batting: RHB Chang-lit Min 0-0: Called Strike
0-1: Swinging Strike
0-2: Ball
1-2: Strikes out swinging
Pitching: RHP Ralph McKinney
Batting: RHB Phil McCroskey 0-0: Swinging Strike
0-1: Ball
1-1: Called Strike
1-2: Strikes out swinging
Bottom of the 1st over - 0 runs, 0 hits, 0 errors, 0 left on base; Bakersfield 0 - Plymouth 0
TOP OF THE 2ND
Bakersfield Nobles batting - Pitching for Plymouth Rocks : RHP Zaki Fakhiri
Batting: SHB Terumoto Kurihara 0-0: Ball
1-0: Ball
2-0: Foul Ball, location: 2F
2-1: Swinging Strike
2-2: SINGLE (Groundball, 34D)
Batting: LHB Melvin Castro 0-0: Foul Ball, location: 2F
0-1: Foul Ball, location: 2F
0-2: DOUBLE (Flyball, 89D)
Terumoto Kurihara to third
Batting: LHB Hideki Hisanobu 0-0: SINGLE (Groundball, 6D)
Terumoto Kurihara scores
Melvin Castro to third
Batting: RHB Omer Yurtseven 0-0: Ball
1-0: Ball
2-0: Ball
3-0: Called Strike
3-1: Called Strike
3-2: 3-RUN HOME RUN (Flyball, 9LD), Distance : 358 ft
Batting: RHB Pedro Hernández 0-0: Called Strike
0-1: Ball
1-1: Ball
2-1: Ball
3-1: SOLO HOME RUN (Flyball, 7LD), Distance : 391 ft
Batting: RHB Yu-shu Kang 0-0: Called Strike
0-1: Swinging Strike
0-2: Ball
1-2: Foul Ball, location: 2F
1-2: Ball
2-2: Foul Ball, location: 2F
2-2: Ground out 5-3 (Groundball, 5L)
Batting: RHB Dennis Wacher 0-0: Ball
1-0: Ground out 6-3 (Groundball, 6)
Batting: RHB Juan Tellado 0-0: Swinging Strike
0-1: Ball
1-1: Ball
2-1: Called Strike
2-2: Strikes out swinging
Top of the 2nd over - 5 runs, 5 hits, 0 errors, 0 left on base; Bakersfield 5 - Plymouth 0
BOTTOM OF THE 2ND
Plymouth Rocks batting - Pitching for Bakersfield Nobles : RHP Ralph McKinney
Batting: RHB Xi-ku See-to 0-0: Foul Ball, location: 2F
0-1: Fly out, F7 (Flyball, 7S)
Batting: SHB Javier Vega 0-0: SINGLE (Groundball, 4MD)
Batting: LHB Adrian McCoy 0-0: Ball
Javier Vega steals 2nd base
1-0: Ball
2-0: Ball
3-0: Called Strike
3-1: Base on Balls
Batting: RHB José Santos 0-0: Called Strike
0-1: Called Strike
0-2: Ball
1-2: Ball
2-2: Fly out, F9 (Flyball, 89D)
Runner from 2nd tags up, SAFE at 3rd, no throw
Batting: LHB Octávio Ontiveros 0-0: Fly out, F7 (Flyball, 7LSF)
Bottom of the 2nd over - 0 runs, 1 hit, 0 errors, 2 left on base; Bakersfield 5 - Plymouth 0
TOP OF THE 3RD
Bakersfield Nobles batting - Pitching for Plymouth Rocks : RHP Zaki Fakhiri
Batting: RHB Juan Dávila 0-0: Fly out, F8 (Flyball, 8LD)
Batting: SHB Terumoto Kurihara 0-0: Ball
1-0: Ball
2-0: Swinging Strike
2-1: Foul Ball, location: 2F
2-2: Ground out 4-3 (Groundball, 4)
Batting: LHB Melvin Castro 0-0: Ball
1-0: Foul Ball, location: 2F
1-1: Foul Ball, location: 2F
1-2: Ground out 4-3 (Groundball, 34)
Top of the 3rd over - 0 runs, 0 hits, 0 errors, 0 left on base; Bakersfield 5 - Plymouth 0
BOTTOM OF THE 3RD
Plymouth Rocks batting - Pitching for Bakersfield Nobles : RHP Ralph McKinney
Batting: LHB Dae-ik Park 0-0: Ball
1-0: Called Strike
1-1: Foul Ball, location: 2F
1-2: Ball
2-2: Foul Ball, location: 2F
2-2: Foul Ball, location: 2F
2-2: Foul Ball, location: 2F
2-2: Strikes out swinging
Batting: RHB Ernesto Trevino 0-0: Ball
1-0: Ground out 5-3 (Groundball, 5)
Batting: RHB Chang-lit Min 0-0: Called Strike
0-1: Called Strike
0-2: Ball
1-2: Ball
2-2: Ground out U3 (Groundball, 34S)
Bottom of the 3rd over - 0 runs, 0 hits, 0 errors, 0 left on base; Bakersfield 5 - Plymouth 0
TOP OF THE 4TH
Bakersfield Nobles batting - Pitching for Plymouth Rocks : RHP Zaki Fakhiri
Batting: LHB Hideki Hisanobu 0-0: Called Strike
0-1: Ball
1-1: Foul Ball, location: 2F
1-2: Ball
2-2: SOLO HOME RUN (Flyball, 78XD), Distance : 444 ft
Batting: RHB Omer Yurtseven 0-0: Fly out, F3 (Popup, 34)
Batting: RHB Pedro Hernández 0-0: Called Strike
0-1: Ball
1-1: Foul Ball, location: 2F
1-2: Strikes out swinging
Batting: RHB Yu-shu Kang 0-0: Swinging Strike
0-1: Called Strike
0-2: Strikes out looking
Top of the 4th over - 1 run, 1 hit, 0 errors, 0 left on base; Bakersfield 6 - Plymouth 0
BOTTOM OF THE 4TH
Plymouth Rocks batting - Pitching for Bakersfield Nobles : RHP Ralph McKinney
Batting: RHB Phil McCroskey 0-0: Fly out, F9 (Flyball, 9)
Batting: RHB Xi-ku See-to 0-0: Ball
1-0: Fly out, F1 (Line Drive, 13S)
Batting: SHB Javier Vega 0-0: Ball
1-0: Ball
2-0: SINGLE (Flyball, 8RS)
Pitching: LHP Leo Ingelbrigtsen
Batting: LHB Adrian McCoy 0-0: Fly out, F4 (Popup, 3)
Bottom of the 4th over - 0 runs, 1 hit, 0 errors, 1 left on base; Bakersfield 6 - Plymouth 0
TOP OF THE 5TH
Bakersfield Nobles batting - Pitching for Plymouth Rocks : RHP Zaki Fakhiri
Batting: RHB Dennis Wacher 0-0: Called Strike
0-1: Foul Ball, location: 2F
0-2: Foul Ball, location: 2F
0-2: Foul Ball, location: 2F
0-2: Ball
1-2: Ball
2-2: Strikes out looking
Batting: RHB Juan Tellado 0-0: Called Strike
0-1: Fly out, F8 (Flyball, 8LD)
Batting: RHB Juan Dávila 0-0: Ball
1-0: Fly out, F8 (Flyball, 89D)
Top of the 5th over - 0 runs, 0 hits, 0 errors, 0 left on base; Bakersfield 6 - Plymouth 0
BOTTOM OF THE 5TH
Plymouth Rocks batting - Pitching for Bakersfield Nobles : LHP Leo Ingelbrigtsen
Batting: RHB José Santos 0-0: Ball
1-0: Called Strike
1-1: Ball
2-1: Swinging Strike
2-2: Foul Ball, location: 2F
2-2: Foul Ball, location: 2F
2-2: Strikes out swinging
Batting: LHB Octávio Ontiveros 0-0: Ball
1-0: Swinging Strike
1-1: Ball
2-1: Ball
3-1: Base on Balls
Batting: LHB Dae-ik Park 0-0: Ball
1-0: Called Strike
1-1: Fly out, F9 (Flyball, 9D)
Batting: RHB Ernesto Trevino 0-0: Fly out, F4 (Popup, 4)
Bottom of the 5th over - 0 runs, 0 hits, 0 errors, 1 left on base; Bakersfield 6 - Plymouth 0
TOP OF THE 6TH
Bakersfield Nobles batting - Pitching for Plymouth Rocks : RHP Zaki Fakhiri
Batting: SHB Terumoto Kurihara 0-0: Foul Ball, location: 2F
0-1: Swinging Strike
0-2: Foul Ball, location: 2F
0-2: Ball
1-2: Strikes out swinging
Batting: LHB Melvin Castro 0-0: Called Strike
0-1: Ball
1-1: Ball
2-1: Ball
3-1: Called Strike
3-2: Base on Balls
Pitching: LHP Rio Bavin
Batting: LHB Hideki Hisanobu 0-0: Called Strike
0-1: Ball
1-1: Ball
2-1: Fielders Choice at 2nd, 6-4 (Groundball, 6)
Batting: RHB Omer Yurtseven 0-0: Ball
1-0: Ball
2-0: Foul Ball, location: 2F
2-1: Ball
3-1: Base on Balls
Hideki Hisanobu to second
Batting: RHB Pedro Hernández 0-0: Swinging Strike
0-1: Ball
1-1: Foul Ball, location: 2F
1-2: Strikes out looking
Top of the 6th over - 0 runs, 0 hits, 0 errors, 2 left on base; Bakersfield 6 - Plymouth 0
BOTTOM OF THE 6TH
Plymouth Rocks batting - Pitching for Bakersfield Nobles : LHP Leo Ingelbrigtsen
Batting: RHB Chang-lit Min 0-0: Ball
1-0: Called Strike
1-1: Ball
2-1: Fly out, F7 (Flyball, 78S)
Batting: RHB Phil McCroskey 0-0: Fly out, F9 (Line Drive, 9)
Batting: RHB Xi-ku See-to 0-0: Ball
1-0: Foul Ball, location: 2F
1-1: Called Strike
1-2: Fly out, F7 (Flyball, 7LSF)
Bottom of the 6th over - 0 runs, 0 hits, 0 errors, 0 left on base; Bakersfield 6 - Plymouth 0
TOP OF THE 7TH
Bakersfield Nobles batting - Pitching for Plymouth Rocks : LHP Rio Bavin
Batting: RHB Yu-shu Kang 0-0: Called Strike
0-1: Fly out, F9 (Flyball, 9)
Batting: RHB Dennis Wacher 0-0: Foul Ball, location: 2F
0-1: Ball
1-1: Foul Ball, location: 2F
1-2: Strikes out swinging
Batting: RHB Juan Tellado 0-0: Ball
1-0: Swinging Strike
1-1: Foul Ball, location: 2F
1-2: Strikes out swinging
Top of the 7th over - 0 runs, 0 hits, 0 errors, 0 left on base; Bakersfield 6 - Plymouth 0
BOTTOM OF THE 7TH
Plymouth Rocks batting - Pitching for Bakersfield Nobles : LHP Leo Ingelbrigtsen
Batting: SHB Javier Vega 0-0: Fly out, F8 (Flyball, 8RXD)
Batting: LHB Adrian McCoy 0-0: Ball
1-0: Swinging Strike
1-1: Swinging Strike
1-2: Strikes out swinging
Batting: RHB José Santos 0-0: Called Strike
0-1: Fly out, F7 (Flyball, 7S)
Bottom of the 7th over - 0 runs, 0 hits, 0 errors, 0 left on base; Bakersfield 6 - Plymouth 0
TOP OF THE 8TH
Bakersfield Nobles batting - Pitching for Plymouth Rocks : LHP Rio Bavin
Batting: RHB Juan Dávila 0-0: Ball
1-0: Ball
2-0: Fly out, F8 (Line Drive, 78M)
Batting: SHB Terumoto Kurihara 0-0: Ground out 6-3 (Groundball, 6)
Batting: LHB Melvin Castro 0-0: Swinging Strike
0-1: SINGLE (Groundball, 56D)
Batting: LHB Hideki Hisanobu 0-0: Called Strike
0-1: Swinging Strike
0-2: Ball
1-2: Ground out 5-3 (Groundball, 56S)
Top of the 8th over - 0 runs, 1 hit, 0 errors, 1 left on base; Bakersfield 6 - Plymouth 0
BOTTOM OF THE 8TH
Plymouth Rocks batting - Pitching for Bakersfield Nobles : LHP Leo Ingelbrigtsen
Batting: LHB Octávio Ontiveros 0-0: Called Strike
0-1: Ball
1-1: Foul Ball, location: 2F
1-2: Ball
2-2: Strikes out swinging
Batting: LHB Dae-ik Park 0-0: Foul Ball, location: 2F
0-1: Swinging Strike
0-2: Strikes out swinging
Batting: RHB Ernesto Trevino 0-0: Ball
1-0: Called Strike
1-1: Ground out 4-3 (Groundball, 34)
Bottom of the 8th over - 0 runs, 0 hits, 0 errors, 0 left on base; Bakersfield 6 - Plymouth 0
TOP OF THE 9TH
Bakersfield Nobles batting - Pitching for Plymouth Rocks : LHP Rio Bavin
Batting: RHB Omer Yurtseven 0-0: Fly out, F8 (Flyball, 8RM)
Batting: RHB Pedro Hernández 0-0: Ball
1-0: Called Strike
1-1: Ball
2-1: Foul Ball, location: 2F
2-2: Ball
3-2: Strikes out swinging
Batting: RHB Yu-shu Kang 0-0: Ball
1-0: Called Strike
1-1: Foul Ball, location: 2F
1-2: Ground out 6-3 (Groundball, 6)
Top of the 9th over - 0 runs, 0 hits, 0 errors, 0 left on base; Bakersfield 6 - Plymouth 0
BOTTOM OF THE 9TH
Plymouth Rocks batting - Pitching for Bakersfield Nobles : LHP Leo Ingelbrigtsen
Batting: RHB Chang-lit Min 0-0: Ball
1-0: Foul Ball, location: 2F
1-1: Swinging Strike
1-2: Ground out 5-3 (Groundball, 56S)
Batting: RHB Phil McCroskey 0-0: Called Strike
0-1: SINGLE (Groundball, 6MD)
Batting: RHB Xi-ku See-to 0-0: Swinging Strike
0-1: Foul Ball, location: 2F
0-2: Ball
1-2: Ball
2-2: DOUBLE (Line Drive, 5D)
Phil McCroskey to third
Pitching: RHP Dave Hulton
Batting: SHB Javier Vega 0-0: Foul Ball, location: 2F
0-1: Ball
1-1: Fly out, F5 (Popup, 5F)
Batting: LHB Adrian McCoy 0-0: Ball
1-0: Ball
2-0: Called Strike
2-1: Called Strike
2-2: Strikes out swinging
Bottom of the 9th over - 0 runs, 2 hits, 0 errors, 2 left on base; Bakersfield 6 - Plymouth 0
Saturday, December 22nd, 2018 - OOTP Baseball 18.8 Build 76